 Dungeon Crawl Stone Soup version 0.24-a0-509-ga1643a6788 (webtiles) character file.

Game seed: 1215082795420352803

2524 Inarius the Skirmisher (level 9, 0/69 HPs)
             Began as a Demonspawn Abyssal Knight on July 19, 2019.
             Was a High Priest of Lugonu.
             Shot with an arrow by a centaur (12 damage)
             ... on level 7 of the Dungeon.
             The game lasted 00:12:38 (7349 turns).

Inarius the Skirmisher (Demonspawn Abyssal Knight)  Turns: 7349, Time: 00:12:40

Health: 0/69       AC: 13    Str: 15    XL:     9   Next: 29%
Magic:  13/13      EV: 12    Int: 13    God:    Lugonu [*****.]
Gold:   316        SH:  0    Dex: 14    Spells: 8/8 levels left

rFire    . . .     SeeInvis .   K - +0 war axe
rCold    + + .     Gourm    .   (no shield)
rNeg     . . .     Faith    .   m - +2 ring mail {rC+}
rPois    +         Spirit   .   C - +0 helmet
rElec    .         Reflect  .   s - +0 cloak
rCorr    .         Harm     .   (no gloves)
MR       .....                  (no boots)
Stlth    ..........             (no amulet)
HPRegen  0.21/turn              u - ring of poison resistance
MPRegen  0.13/turn              v - ring of protection from cold

@: no status effects
A: hooves 1, icy blue scales 2, demonic guardian 1, rot immunity
a: Depart the Abyss, Bend Space, Banish, Corrupt, Enter the Abyss, Renounce
Religion


You were on level 7 of the Dungeon.
You worshipped Lugonu.
Lugonu was extremely pleased with you.
You were not hungry.

You visited 1 branch of the dungeon, and saw 7 of its levels.
You visited the Abyss 1 time.
You also visited: Sewer.

You collected 316 gold pieces.

Inventory:

Hand Weapons
 r - a +3 quarterstaff of chaos
 F - the +7 falchion "Xezidot" {vamp, rElec rN+ Dex+2 SInv}
   (You found it on level 5 of the Dungeon)

   It inflicts no extra harm, but heals its wielder when it wounds a living foe.
   It affects your dexterity (+2).
   It insulates you from electricity.
   It protects you from negative energy.
   It lets you see invisible.
 K - a +0 war axe (weapon)
Armour
 m - a +2 ring mail of cold resistance (worn)
 p - a +0 helmet
 s - a +0 cloak (worn)
 C - a +0 helmet (worn)
Jewellery
 h - an uncursed ring of ice
 u - a ring of poison resistance (left hand)
 v - a ring of protection from cold (right hand)
 y - an uncursed ring of resist corrosion
 E - an uncursed amulet of guardian spirit {unknown}
 I - an uncursed amulet of rage {unknown}
 J - a cursed amulet of inaccuracy {unknown}
Wands
 o - a wand of random effects (13)
 w - a wand of iceblast (2)
 D - a wand of flame (14)
Scrolls
 a - 5 scrolls of enchant weapon
 g - 3 scrolls of immolation
 i - a scroll of magic mapping
 j - 5 scrolls of teleportation
 k - a scroll of fog
 l - 3 scrolls of remove curse
 z - a scroll of blinking {unknown}
 B - a scroll of identify
 L - a scroll of acquirement {unknown}
Potions
 c - 6 potions of heal wounds
 e - a potion of magic {unknown}
 f - 3 potions of degeneration {unknown}
 n - 6 potions of curing {unknown}
 q - a potion of lignification {unknown}
 t - 2 potions of brilliance {unknown}
 x - 3 potions of haste {unknown}
 A - a potion of flight {unknown}
 G - 2 potions of resistance {unknown}
Comestibles
 b - 19 rations
 d - 5 chunks of flesh


   Skills:
 - Level 5.8 Fighting
   Level 0.2 Short Blades
 * Level 4.8 Axes
 - Level 5.7 Staves
 - Level 4.7 Armour
 - Level 3.9 Dodging
 - Level 1.9 Unarmed Combat
 - Level 5.7 Invocations
 - Level 1.0 Evocations


You had 8 spell levels left.
You didn't know any spells.
Your spell library contained the following spells:

 Spells                   Type           Power        Failure   Level  Hunger
 Confusing Touch          Hex            #.....       50%         1    ##.....
 Confuse                  Hex            #.......     86%         3    ####...
 Gell's Gravitas          Tloc           #.........   86%         3    ####...
 Petrify                  Tmut/Erth      #.......     99%         4    #####..
 Metabolic Englaciation   Hex/Ice        #.........   100%        5    ######.
 Yara's Violent Unravell  Hex/Tmut       #.........   100%        5    ######.


Dungeon Overview and Level Annotations

Branches:
Dungeon (7/15)
 Temple: D:4-7

Altars:

Annotations:
D:4 1 exclusion


Innate Abilities, Weirdness & Mutations

You have large cloven feet.
You are mostly covered in icy blue scales. (AC +3)
A weak demonic guardian rushes to your aid.
You are immune to rotting.


Message History

The centaur shoots an arrow.
The arrow hits your quasit!
Your quasit dies!
Unknown command.
Unknown command.
Evoke which item? (* to show all) (? for menu, Esc to quit)
Aiming: Iceblast
Press: ? - help, Shift-Dir - straight line, p - centaur The mass of ice explodes!
The iceblast engulfs the centaur!
The centaur is severely wounded.
Unknown command.
Unknown command.
Unknown command.
Unknown command.
Evoke which item? (* to show all) (? for menu, Esc to quit)
Aiming: Iceblast
Press: ? - help, Shift-Dir - straight line The mass of ice explodes!
The iceblast engulfs the centaur!
The centaur is almost dead.
The centaur shoots an arrow.
The arrow hits you!
You die...

#.#.♣.♣.#.#
#.# #....##
#.
#.#.÷<..#.#
#.# #.....#
#.
#.#.♣.♣.#.#
#.# #.....#
#.
#.##...##.#
#.# #.....#
#.
#.♣#####♣.#
#.# #.....#
#.
##.....^.##
#(# ####..#
#. ####.####
#.# ##.# #)
#.########.#
#.###.
#.........@#
#†.##(
##########.#
######.##.
#.#
#.........
#c#
#.........
#5#
#.......((
#.#
#.........
#(#
#.........
#(#
#........>
#.......#
#.........


You could see a centaur and a friendly iron imp.

Vanquished Creatures
  An orc warrior (D:6)
  3 sky beasts (D:6)
  2 phantoms
  3 ogres
  A black bear (D:2)
  A centaur (D:7)
  A crocodile (D:6)
  2 bullfrogs
  2 scorpions
  4 wights (D:6)
  4 hounds
  A jelly (D:7)
  3 orc priests
  Crazy Yiuf (D:2)
  3 orc wizards
  Jessica (D:2)
  4 worker ants
  2 iguanas (D:4)
  Robin (D:2)
  11 gnolls
  9 adders
  4 river rats (Sewer)
  A shadow imp (D:6)
  2 oozes (D:2)
  An adder skeleton (D:6)
  2 worms
  2 dart slugs
  7 leopard geckos
  18 orcs
  5 giant cockroaches
  5 hobgoblins
  11 jackals
  7 kobolds
  6 quokkas
  8 ball pythons
  10 bats
  10 frilled lizards
  17 goblins
  A leopard gecko zombie (D:5)
  2 quokka skeletons (D:6)
  17 rats
196 creatures vanquished.

Vanquished Creatures (collateral kills)
  An ice beast (D:5)
  2 ogres
  A wight (D:6)
  A bullfrog zombie (D:7)
5 creatures vanquished.

Grand Total: 201 creatures vanquished

Notes
Turn   | Place    | Note
-------+----------+-------------------------------------------
     0 | Abyss:1  | Inarius the Demonspawn Abyssal Knight began the quest for
                  | the Orb.
     0 | Abyss:1  | Reached XP level 1. HP: 18/18 MP: 2/2
    69 | Abyss:1  | Noticed a shadow
    73 | D:1      | Escaped the Abyss
   147 | D:1      | Gained mutation: You have large cloven feet. [demonic
                  | ancestry]
   147 | D:1      | Reached XP level 2. HP: 6/24 MP: 3/3
   543 | D:1      | Reached * piety under Lugonu
   543 | D:1      | Reached skill level 1 in Dodging
   807 | D:1      | Gained mutation: You are partially covered in icy blue
                  | scales. (AC +2) [demonic ancestry]
   807 | D:1      | Reached XP level 3. HP: 26/29 MP: 5/5
  1230 | D:2      | Noticed a black bear
  1649 | D:2      | Reached ** piety under Lugonu
  1649 | D:2      | Reached XP level 4. HP: 31/37 MP: 6/6
  1676 | D:2      | Noticed Robin
  1695 | D:2      | Killed Robin
  1729 | D:2      | Noticed Jessica
  1732 | D:2      | Killed Jessica
  2040 | D:2      | Killed a black bear
  2040 | D:2      | Gained mutation: You are mostly covered in icy blue scales.
                  | (AC +3) [demonic ancestry]
  2040 | D:2      | Reached XP level 5. HP: 28/43 MP: 7/7
  2191 | D:2      | Found a runed translucent door.
  2192 | D:2      | Noticed Crazy Yiuf
  2364 | D:2      | Killed Crazy Yiuf
  2671 | D:2      | Reached XP level 6. HP: 43/50 MP: 8/8
  2868 | D:3      | Reached *** piety under Lugonu
  3067 | D:3      | Reached skill level 1 in Staves
  3463 | D:4      | Reached skill level 5 in Fighting
  3539 | D:4      | Gained mutation: A weak demonic guardian rushes to your
                  | aid. [demonic ancestry]
  3539 | D:4      | Reached XP level 7. HP: 44/56 MP: 9/9
  3670 | D:4      | Found a glowing drain.
  3716 | Sewer    | Entered a sewer
  4052 | Sewer    | Reached **** piety under Lugonu
  5420 | D:5      | Entered Level 5 of the Dungeon
  5601 | D:5      | Reached XP level 8. HP: 62/62 MP: 11/11
  5780 | D:5      | Got a shimmering falchion
  6187 | D:6      | Reached skill level 5 in Invocations
  6192 | D:6      | Reached skill level 5 in Staves
  6370 | D:6      | Reached skill level 1 in Evocations
  6443 | D:6      | Reached skill level 1 in Axes
  6450 | D:6      | Gained mutation: You are immune to rotting. [demonic
                  | ancestry]
  6450 | D:6      | Reached XP level 9. HP: 59/69 MP: 13/13
  6455 | D:6      | Reached ***** piety under Lugonu
  6708 | D:6      | Identified the +7 falchion "Xezidot" {vamp, rElec rN+ Dex+2
                  | SInv} (You found it on level 5 of the Dungeon)
  7349 | D:7      | Shot with an arrow by a centaur

Levels and vault maps discovered:
D:1:      tarquinn_simple_flora_water_b, layout_basic, serial_forest,
          infiniplex_forest_clump_medium, infiniplex_forest_zigzag_2,
          infiniplex_forest_clump_tiny, infiniplex_forest_end_2,
          infiniplex_forest_clump_tiny, infiniplex_forest_clump_large
D:2:      minmay_alternating_diamond, layout_loops_ring,
          uniq_crazy_yiuf_cottage, uniq_robin, uniq_jessica
D:3:      layout_rooms
D:4:      layout_layer_cave, portal_sewer_entry_d,
          hangedman_decor_clover_reticule, kennysheep_generic_room_10
D:5:      layout_gridville, first_ration
D:6:      layout_rooms
D:7:      layout_basic, minmay_temple_entry_sparse_star, serial_shops,
          shop_fountains, grunt_ministairs_11, grunt_ogre_cave

Skill      XL: |  1  2  3  4  5  6  7  8  9 |
---------------+----------------------------+-----
Armour         | 2 3 4 |  4.7
Dodging        | 1 2 3 |  3.9
Fighting       | 4 5 |  5.8
Staves         | 2 4 5 |  5.7
Invocations    | 4 5 |  5.7
Evocations     | 1 |  1.0
Axes           | 2 4 |  4.8
Short Blades   | |  0.2
Unarmed Combat | |  1.9

Action                   |  1- 3 |  4- 6 |  7- 9 || total
-------------------------+-------+-------+-------++-------
Melee: Dagger            |    79 |    55 |       ||   134
       Kick              |    17 |    35 |    69 ||   121
       Punch             |     2 |       |     1 ||     3
       Quarterstaff      |       |    96 |   211 ||   307
       War axe           |       |       |    76 ||    76
Invok: Depart the Abyss  |     1 |       |       ||     1
Evoke: Wand              |       |     6 |    20 ||    26
  Use: Scroll            |       |     6 |     2 ||     8
       Potion            |       |     1 |       ||     1
 Stab: Petrified         |       |     5 |       ||     5
       Petrifying        |       |     1 |       ||     1
       Distracted        |       |       |     1 ||     1
  Eat: Chunk             |     2 |     6 |    13 ||    21
Armor: Leather armour    |    21 |       |       ||    21
       Ring mail         |    26 |   111 |   150 ||   287
Dodge: Dodged            |    44 |   152 |   179 ||   375

Table legend:
 A = Non-vault XP
 B = Vault XP
 C = Vault XP percentage of total XP
 D = Non-vault monster count
 E = Vault monster count
 F = Vault count percentage of total count
                 A         B        C        D         E       F
            +---------+---------+-------+---------+---------+-------
      Total |    3215 |     391 |  10.8 |     154 |      47 |  23.4
            +---------+---------+-------+---------+---------+-------
        D:1 |      46 |       0 |   0.0 |      20 |       0 |   0.0
        D:2 |     240 |     125 |  34.2 |      31 |      17 |  35.4
        D:3 |     108 |       0 |   0.0 |      22 |       0 |   0.0
        D:4 |     685 |      13 |   1.9 |      25 |       1 |   3.8
        D:5 |     346 |       0 |   0.0 |      11 |       0 |   0.0
        D:6 |    1330 |       0 |   0.0 |      28 |       0 |   0.0
        D:7 |     460 |     163 |  26.2 |      17 |       2 |  10.5
      Sewer |       0 |      90 | 100.0 |       0 |      27 | 100.0
            +---------+---------+-------+---------+---------+-------
